 Dungeon Crawl Stone Soup version 0.29.1-13-g9f3cf754e1 (webtiles) character file.

Game seed: 16726279890804828683

203 cdecastro the Firebug (level 5, 0/41 HPs)
             Began as a Mummy Cinder Acolyte on Feb 3, 2023.
             Was a High Priest of Ignis.
             Slain by an iguana (8 damage)
             ... on level 3 of the Dungeon.
             The game lasted 00:05:15 (4622 turns).

cdecastro the Firebug (Mummy Cinder Acolyte)        Turns: 4622, Time: 00:05:15

Health: 0/41       AC:  3    Str: 17    XL:     5   Next: 51%
Magic:  1/7        EV: 15    Int: 15    God:    Ignis [*****.]
Gold:   210        SH:  0    Dex:  8    Spells: 5/7 levels left

rFire   . . .      SeeInvis .   a - -1 spear (flame)
rCold   + . .      Faith    .   (no shield)
rNeg    + + +      Spirit   .   b - +0 robe
rPois   ∞          Reflect  .   (no helmet)
rElec   .          Harm     .   (no cloak)
rCorr   .          Rampage  .   j - +0 pair of gloves
Will    .....                   (no boots)
Stlth   +.........              (no amulet)
HPRegen 0.13/turn               e - +4 ring of evasion
MPRegen 0.10/turn               (no ring)

@: no status effects
A: cold resistance 1, negative energy resistance 3, torment resistance 2, heat
vulnerability 1, in touch with death 1, no potions
a: Renounce Religion, Fiery Armour, Foxfire Swarm, Rising Flame


You were on level 3 of the Dungeon.
You worshipped Ignis.
Ignis was extremely pleased with you.
You visited 1 branch of the dungeon, and saw 4 of its levels.

You collected 210 gold pieces.

Inventory:

Hand Weapons
 a - a -1 spear of flaming (weapon)
Armour
 b - a +0 robe (worn)
 j - a +0 pair of gloves (worn)
Magical Staves
 g - a staff of conjuration
Jewellery
 e - a +4 ring of evasion (left hand)
Scrolls
 c - a scroll of fear {unknown}
 d - 2 scrolls of identify {unknown}
 f - a scroll of noise {unknown}
 h - a scroll of summoning {unknown}
 i - a scroll of amnesia {unknown}
 k - a scroll of blinking {unknown}
 l - a scroll of enchant weapon {unknown}
 m - a scroll of torment {unknown}
 n - a scroll of enchant armour {unknown}


   Skills:
 - Level 3.0 Fighting
 - Level 2.4 Polearms
 + Level 1.7 Spellcasting
 - Level 5.1 Fire Magic


You had 5 spell levels left.
You knew the following spells:

 Your Spells              Type           Power      Damage    Failure   Level
a - Scorch                Fire           32%        2d6       4%          2

Your spell library contained the following spells:

 Spells                   Type           Power      Damage    Failure   Level


Dungeon Overview and Level Annotations

Branches:
Dungeon (4/15)
 Temple: D:4-7

Altars:

Annotations:
D:4 Robin


Innate Abilities, Weirdness & Mutations

You are immune to poison.
Your flesh is cold resistant. (rC+)
You are immune to negative energy. (rN+++)
You are immune to unholy pain and torment.
You are vulnerable to heat. (rF-)
You are in touch with the powers of death.
You do not drink.


Message History

Press: ? - help, Q - select action Dir - look around, f - activate Flames lash the goblin.
You kill the goblin!
Unknown command.
You start resting.
HP restored.
You start resting.
Magic restored.
You climb downwards.
Level annotation: Robin The iguana closely misses you.
The goblin hits you with a +0 club.
There is a stone staircase leading up here.
Unknown command.
The iguana bites you. The goblin barely misses you.
You climb upwards.
There is a stone staircase leading down here.
Unknown command.
Unknown command.
Casting: Scorch (safe; 4% risk of failure)
Press: ? - help, Q - select action Dir - look around, f - activate Flames lash the iguana.
The iguana is moderately wounded.
The iguana's fire resistance burns away.
The goblin completely misses you. The iguana bites you!
Casting: Scorch (safe; 4% risk of failure)
Press: ? - help, Q - select action Dir - look around, f - activate Flames lash the iguana.
The iguana is burned terribly!
The iguana is heavily wounded.
The goblin misses you. The iguana bites you.
* * * LOW HITPOINT WARNING * * *
Casting: Scorch (safe; 4% risk of failure)
Press: ? - help, Q - select action Dir - look around, f - activate Flames lash the goblin.
You kill the goblin!
The iguana bites you!
* * * LOW HITPOINT WARNING * * *
You barely miss the iguana.
The iguana is heavily wounded.
The iguana bites you!
You die...

#.# #.# #.# #.# ###.# #.#
#.###.#### #...# #.# #.........
#.### #.# #####.###. #.# #.#
####.# #. #.#
#.#########....###. ##.##
#........##.##.....
#...#################.##.####.##
#.............)@l.....##.## #.#
#...################..#...###.##
##.## ########............ ###.#
#.........#...###.## #...#
#.######.###.## #.# #...######
#.# #.# #)# #.# ...).....# #(#
#.# #.####[# ......##.#
#.######.# #......## ......##.#
#........# #.###....


You could see an iguana (combustible).

Vanquished Creatures
  An orc priest (D:3)
  An orc wizard (D:3)
  6 adders
  2 worms (D:2)
  4 dart slugs
  4 orcs
  5 ball pythons
  8 endoplasms
  5 giant cockroaches
  12 goblins
  5 hobgoblins
  3 jackals (D:1)
  2 quokkas (D:2)
  6 bats
  4 frilled lizards
  2 kobolds
  5 rats
75 creatures vanquished.

Notes
Turn   | Place    | Note
-------+----------+-------------------------------------------
     0 | D:1      | cdecastro the Mummy Cinder Acolyte began the quest for the
                  | Orb.
     0 | D:1      | Reached XP level 1. HP: 18/18 MP: 2/2
   170 | D:1      | Reached XP level 2. HP: 24/24 MP: 4/4
   180 | D:1      | Reached skill level 3 in Fire Magic
   183 | D:1      | Learned a level 2 spell: Scorch
  1041 | D:1      | Gained mutation: You are in touch with the powers of death.
                  | [Mummy growth]
  1041 | D:1      | Reached XP level 3. HP: 29/29 MP: 5/5
  1972 | D:2      | Reached skill level 4 in Fire Magic
  1975 | D:2      | Reached XP level 4. HP: 8/35 MP: 1/6
  2653 | D:2      | Found a faded altar of an unknown god.
  3726 | D:3      | Reached XP level 5. HP: 41/41 MP: 0/7
  3842 | D:3      | Reached skill level 5 in Fire Magic
  4496 | D:4      | Noticed Robin
  4622 | D:3      | Slain by an iguana

Illustrated notes

Levels and vault maps discovered:
D:1:      eino_arrival_water_star, layout_basic, dreamdust_wishing_well
D:2:      layout_loops_corners, ebering_ecumenical_altar_petrified,
          grunt_decor_one_mirror
D:3:      layout_loops_ring
D:4:      minmay_goblin_kobold_castle, layout_loops_ring,
          minmay_temple_entry_wispy, serial_bayou_pond_e, uniq_robin

Skill      XL: |  1  2  3  4  5 |
---------------+----------------+-----
Fire Magic     | 3 4 5 |  5.1
Fighting       | |  3.0
Polearms       | |  2.4
Spellcasting   | |  1.7

Action                   |  1- 3 |  4- 6 || total
-------------------------+-------+-------++-------
Melee: Spear             |    99 |   105 ||   204
 Cast: Scorch            |    11 |    24 ||    35
 Stab: Sleeping          |     2 |     1 ||     3
Armor: Robe              |    10 |    13 ||    23
Dodge: Dodged            |    38 |    70 ||   108
